AoeStats
← g_kmno4_vm

Four Lakes

508517981Analyzed
1v1 RM · 9d ago on Sep 22, 2026· 41m 46s· 2 players
Game mode
Random Map
Map size
Tiny (2 player)
Population
200
Speed
Normal
Resources
Standard
Victory
Conquest
Starting age
Dark Age
Ending age
Imperial Age
RankedLock teamsTeams togetherTeam positionsShared explorationLock speedFull tech treeHidden civsTurbo modeCheats
Victory
Defeat
🇲🇽 Magyars · Mexico
605
+14
🇪🇸 Khmer · Spain
563
-14
g_kmno4_vm
12:58 Feudal Age
13:23 Loom
17:50 Castle Age
15:50 Man-at-Arms
19:34 Double-Bit Axe
19:38 Horse Collar
22:55 Husbandry
26:29 Gold Mining
27:16 Forging
27:41 Bloodlines
28:24 Pikeman
33:16 Heavy Plow
34:44 Fletching
36:25 Tusk Swords
39:16 Imperial Age
37:25 Wheelbarrow
36:42 Crossbowman
AbiXNorth
12:12 Feudal Age
12:41 Double-Bit Axe
19:01 Castle Age
19:22 Wheelbarrow
20:03 Bow Saw
20:05 Scale Barding Armor
20:06 Husbandry
20:03 Loom
21:58 Chain Barding Armor
22:44 Scale Mail Armor
23:42 Pikeman
28:20 Hand Cart
27:51 Horse Collar
29:05 Gold Mining
30:04 Ballistics
29:42 Murder Holes
29:58 Masonry
35:25 Gold Shaft Mining
35:29 Heavy Plow
35:24 Stone Mining
38:26 Imperial Age
36:11 Fletching
35:45 Elite Skirmisher
37:42 Padded Archer Armor
37:43 Bodkin Arrow
38:15 Ballistics
38:13 Corvinian Army
40:16 Man-at-Arms
40:17 Halberdier
41:06 Cavalier
Connection lost

Rejoining the realm…

Still unreachable

The connection could not be restored.

Session expired

The server has moved on; the page needs a fresh start.